 Dungeon Crawl Stone Soup version 0.18-a0-1468-gaf180a1 (console) character file.

100 Liam the Magician (level 4, -4/27 HPs)
             Began as a High Elf Wizard on Mar 1, 2016.
             Killed by nerve-wracking pain
             ... invoked by an orc priest
              (14 damage)
             ... on level 2 of the Dungeon.
             The game lasted 00:03:09 (2175 turns).

Liam the Magician (High Elf Wizard)                 Turns: 2175, Time: 00:03:10

Health: -4/27      AC:  2    Str: 11    XL:     4   Next: 46%
Magic:  5/11       EV: 12    Int: 23    God:
Gold:   63         SH:  0    Dex: 13    Spells: 5 memorised, 2 levels left

rFire  . . .     SeeInvis .     r - -1 short sword (curse)
rCold  . . .     Gourm    .     a - +0 robe
rNeg   . . .     Faith    .     (no shield)
rPois  +         Spirit   .     b - +0 hat
rElec  .         Dismiss  .     (no cloak)
rCorr  .         Reflect  .     (no gloves)
SustAt .         Harm     .     (no boots)
MR     .....                    (no amulet)
Stlth  ++........               l - +5 ring of strength (curse)
                                w - ring of poison resistance

@: not resistant to hostile enchantments, unstealthy
A: no striking features
a: no special abilities


You were on level 2 of the Dungeon.
You were hungry.

You visited 1 branch of the dungeon, and saw 3 of its levels.

You collected 63 gold pieces.

Inventory:

Hand Weapons
 r - a cursed -1 short sword (weapon)
Armour
 a - a +0 robe (worn)
 b - a +0 hat (worn)
Jewellery
 e - an uncursed ring of resist corrosion
 l - a cursed +5 ring of strength (right hand)
 w - a ring of poison resistance (left hand)
 y - an uncursed ring of sustain attributes
Scrolls
 j - 2 scrolls of enchant armour {unknown}
 k - 2 scrolls of amnesia {unknown}
 n - a scroll of fog {unknown}
 q - a scroll of enchant weapon {unknown}
 s - a scroll of recharging {unknown}
 t - 2 scrolls of remove curse {unknown}
 z - 2 scrolls of identify {unknown}
 A - a scroll of fear {unknown}
Potions
 g - a potion of berserk rage {unknown}
 i - a potion of mutation {unknown}
 o - a potion of agility {unknown}
 p - a potion of might {unknown}
 u - a potion of haste {unknown}
 v - a potion of invisibility {unknown}
 x - a potion of lignification {unknown}
Books
 c - a book of Minor Magic

   Spells                             Type                      Level
   a - Magic Dart                     Conjuration                  1
   b - Blink                          Translocation                2
   c - Call Imp                       Summoning                    2
   d - Repel Missiles                 Charms/Air                   2
   e - Slow                           Hexes                        2
   f - Conjure Flame                  Conjuration/Fire             3
   g - Mephitic Cloud                 Conjuration/Poison/Air       3
Comestibles
 d - a bread ration
 f - a slice of pizza
 h - 2 fruits
 m - a meat ration


   Skills:
 - Level 2.1 Dodging
 - Level 2.1 Stealth
 + Level 4.9 Spellcasting
 + Level 3.4 Conjurations
 + Level 0.2 Charms
 + Level 0.8 Summonings
 + Level 1.1 Translocations
 + Level 0.0 Fire Magic
 + Level 0.0 Air Magic


You had 2 spell levels left.
You knew the following spells:

 Your Spells              Type           Power        Failure   Level  Hunger
a - Magic Dart            Conj           ###.         2%          1    None
b - Blink                 Tloc           N/A          12%         2    None
e - Conjure Flame         Conj/Fire      ##......     17%         3    ##.....
i - Call Imp              Summ           #.......     12%         2    None
m - Repel Missiles        Chrm/Air       #.....       17%         2    None


Dungeon Overview and Level Annotations

Branches:
Dungeon (3/15)

Altars:
Cheibriados
Kikubaaqudgha


Message History

The orc priest hits you.
Casting: Magic Dart
Confirm with . or Enter, or press ? or * to list all spells.
Aiming: Magic Dart
Press: ? - help, Shift-Dir - straight line, f/p - orc priest
Aim: an orc priest (heavily wounded)
The magic dart hits the orc priest.
The orc priest is heavily wounded.
The orc priest closely misses you.
Casting: Magic Dart
Confirm with . or Enter, or press ? or * to list all spells.
Aiming: Magic Dart
Press: ? - help, Shift-Dir - straight line, f/p - orc priest
Aim: an orc priest (heavily wounded)
The magic dart hits the orc priest.
The orc priest is almost dead.
The orc priest invokes the aid of Beogh against you.
Pain shoots through your body!
Ouch! That really hurt!
You die...

#.# #.### #.#.# #.# #...# #)#.#
#.# ###.# #.#.# #.# #.# #...#
#.########## ########.# #.###
#..........# #.....##.# #.#
##########<###.....##.#####.#
#### ##.#.##.†.....#...)..###
...#######.###.#@....##.#####....
##÷.......## ##o.)...##.#####.###
#..######.###.###.##.._.........
#..# #.....#..# #....[.......###
##..###....#.#.# #..#.#.##.####
...........###.# #..#.#....#
...........# #.# ##.#.###########
##..#.....####.####.#.# #.....
#..).................######.####


You could see an orc priest.

Vanquished Creatures
  4 adders
  2 oozes
  2 worms (D:2)
  A dart slug (D:2)
  A giant gecko (D:2)
  An orc (D:2)
  6 bats
  4 giant cockroaches (D:1)
  5 goblins
  5 hobgoblins
  2 jackals (D:2)
  5 kobolds
  A giant newt (D:1)
  9 rats
48 creatures vanquished.

Notes
Turn   | Place    | Note
--------------------------------------------------------------
     0 | D:1      | Liam the High Elf Wizard began the quest for the Orb.
     0 | D:1      | Reached XP level 1. HP: 11/11 MP: 6/6
   485 | D:1      | Reached skill level 4 in Spellcasting
   485 | D:1      | Reached XP level 2. HP: 17/17 MP: 1/8
   815 | D:1      | Reached XP level 3. HP: 21/21 MP: 3/9
  1082 | D:2      | Found a snail-covered altar of Cheibriados.
  1402 | D:2      | Found an ancient bone altar of Kikubaaqudgha.
  1740 | D:2      | Reached XP level 4. HP: 27/27 MP: 7/11
  1782 | D:2      | Learned a level 2 spell: Blink
  1785 | D:2      | Learned a level 2 spell: Call Imp
  1788 | D:2      | Learned a level 2 spell: Repel Missiles
  1792 | D:2      | Learned a level 3 spell: Conjure Flame
  2175 | D:2      | Killed from afar by an orc priest

Vault maps used:
D:1:      lightli_arrival_noodles
D:2:      overflow_temple_1_default, cheibriados_altar_1
D:3:      nicolae_overflow_hidden_temple, portal_sewer_entry_e, uniq_grinder,
          uniq_terence, uniq_jessica

Skill      XL: |  1  2  3 |
---------------+----------+-----
Spellcasting   | 4 |  4.9
Conjurations   | 2 3 |  3.4
Dodging        | |  2.1
Stealth        | |  2.1
Charms         | |  0.2
Summonings     | |  0.8
Translocations | |  1.1

Action                   |  1- 3 |  4- 6 || total
-------------------------+-------+-------++-------
Melee: Unarmed           |    32 |       ||    32
       Short sword       |     5 |       ||     5
 Cast: Magic Dart        |    91 |    33 ||   124
  Eat: Chunk             |     2 |     1 ||     3
